 Dungeon Crawl Stone Soup version 0.32-a0-656-g3542139ebd (webtiles) character file.

Game seed: 6257906396791367303

53 javelincjr the Ruffian (level 3, 0/29 HPs)
             Began as a Minotaur Shapeshifter on Mar 8, 2024.
             Slain by a cerulean imp
             ... wielding a +1 spear
             ... summoned by Natasha
              (5 damage)
             ... on level 2 of the Dungeon.
             The game lasted 00:01:58 (899 turns).

javelincjr the Ruffian (Minotaur Shapeshifter)       Turns: 899, Time: 00:01:59

Health: 0/29       AC:  2    Str: 20    XL:     3   Next: 62%
Magic:  2/2        EV: 12    Int:  7    God:
Gold:   29         SH:  0    Dex:  9    Spells: 2/2 levels left

rFire   . .          .
                       - Unarmed
rCold   . . .        (no shield)
rNeg    . . .        a - +0 animal skin
rPois   .            (helmet currently unavailable)
rElec   .            (cloak currently unavailable)
rCorr   .            (gloves currently unavailable)
SInv    .            (boots currently unavailable)
Will    .....        (no amulet)
Stlth   +            (no ring)
HPRegen 0.24/turn    (no ring)
MPRegen 0.08/turn

%: no passive effects
@: beast-form
A: beast (slay +1), horns 2, retaliatory headbutt
a: Begin Untransformation


You were on level 2 of the Dungeon.
You were a hulking beast.
You visited 1 branch of the dungeon, and saw 2 of its levels.

You collected 29 gold pieces.

Inventory:

Missiles
 h - 6 javelins (quivered)
Armour
 a - a +0 animal skin (worn)
Talismans
 c - a beast talisman (active)
 d - a flux talisman
Scrolls
 e - 2 scrolls of identify {unknown}
 f - a scroll of summoning {unknown}
 i - a scroll of teleportation {unknown}
Potions
 b - a potion of lignification
 g - a potion of enlightenment {unknown}
 j - a potion of curing {unknown}
 k - 2 potions of heal wounds {unknown}
 l - a potion of attraction {unknown}


   Skills:
 + Level 2.1 Fighting
 + Level 2.7 Dodging
 + Level 3.7 Unarmed Combat
 * Level 3.0 Shapeshifting


You had 2 spell levels left.
You didn't know any spells.
Your spell library was empty.

Dungeon Overview and Level Annotations

Branches:
Dungeon (2/15)

Altars:

Annotations:
D:2 Natasha


Innate Abilities, Weirdness & Mutations

You are a hulking beast.
Your limbs bulge with bestial killing power. (Slay +1)
You have a pair of horns on your head.
You reflexively headbutt those who attack you in melee.


Message History

Increase (S)trength, (I)ntelligence, or (D)exterity?
You feel stronger. x2
Natasha, Servant of Life and Death comes into view.
Natasha casts a spell.
The orc closely misses you. You furiously retaliate!
You headbutt the orc!
Natasha mumbles some strange words.
Natasha glows brightly for a moment.
You hit the orc.
You kill the orc!
The orc barely misses you.
You barely miss the orc. The orc barely misses you. You furiously retaliate!
You headbutt the orc. You closely miss the orc.
The orc is lightly wounded.
The orc barely misses you. The orc hits you with a +0 club.
Natasha howls an incantation.
Natasha shimmers violently.
Natasha casts a spell.
The cerulean imp barely misses you.
You closely miss Natasha. You headbutt Natasha.
Natasha is lightly wounded.
Natasha claws you. The cerulean imp barely misses you.
You barely miss Natasha. Your headbutt misses Natasha.
Natasha is lightly wounded.
The orc hits you but does no damage. Natasha casts a spell at you.
The magic dart hits you!
* * * LOW HITPOINT WARNING * * *
The rat twitches its whiskers.
The rat closely misses you. The cerulean imp misses you.
The cerulean imp barely misses you.
You punch Natasha! Your headbutt misses Natasha.
Natasha is heavily wounded.
The orc hits you with a +0 dagger.
* * * LOW HITPOINT WARNING * * *
Natasha closely misses you. The rat closely misses you.
You furiously retaliate!
You headbutt the rat.
You kill the rat!
The cerulean imp hits you from afar with a +1 spear.
You die...

#########
#...<...#
#.......#
#..>....#
#.......#
#.......#
#......5###
#......5ho###
....######h†o#
...#
###........
.#. .##......
.. ...... ..$
..... #...
..... ....
.... .#...
####


You could see Natasha, 2 cerulean imps and 2 orcs.

Vanquished Creatures
  Natasha (D:2)
  A dart slug (D:1)
  An orc (D:2)
  A ball python (D:1)
  3 endoplasms (D:1)
  A goblin (D:1)
  4 hobgoblins (D:1)
  3 jackals (D:1)
  A quokka (D:1)
  3 bats (D:1)
  A frilled lizard (D:1)
  2 kobolds (D:1)
  A rat (D:2)
23 creatures vanquished.

Notes
Turn   | Place    | Note
-------+----------+-------------------------------------------
     0 | D:1      | javelincjr the Minotaur Shapeshifter began the quest for
                  | the Orb.
     0 | D:1      | Reached XP level 1. HP: 16/16 MP: 0/0
   294 | D:1      | Reached XP level 2. HP: 23/23 MP: 1/1
   883 | D:2      | Noticed Natasha
   889 | D:2      | Killed Natasha
   890 | D:2      | Reached XP level 3. HP: 16/29 MP: 2/2
   890 | D:2      | Noticed Natasha
   899 | D:2      | Slain by a cerulean imp

Illustrated notes

Levels and vault maps discovered:
D:1:      eino_arrival_water_cross, layout_basic, nrook_mini_backslash
D:2:      layout_rooms, shapermc_ecumenical_altar_venn, serial_bayou_pond_e,
          minmay_shallow_snake_nest, uniq_natasha

Skill      XL: |  1  2 |
---------------+-------+-----
Fighting       | 2 |  2.1
Shapeshifting  | 3 |  3.0
Dodging        | |  2.7
Unarmed Combat | |  3.7

Action                     || total
---------------------------++-------
  Melee: Unarmed           ||    49
         Headbutt          ||     6
         Punch             ||     2
 Armour: Animal skin       ||    36
  Dodge: Dodged            ||    26

Table legend: (Time is in decaauts)
 A = Elapsed time spent in this place.
 B = Non-inter-level travel time spent in this place.
 C = Inter-level travel time spent in this place.
 D = Time resting spent in this place.
 E = Time spent auto-exploring this place.
 F = Levels seen in this place.
 G = Mean time per level.
                   A        B        C        D        E       F      G
               +--------+--------+--------+--------+--------+-----+--------+
         Total |    895 |    877 |     18 |      0 |    761 |   2 |  447.5 |
       Dungeon |    895 |    877 |     18 |      0 |    761 |   2 |  447.5 |
               +--------+--------+--------+--------+--------+-----+--------+

Top non-repeatable levels by time:
     D:1: 872 daAuts
     D:2: 23 daAuts
